[Event "Team 45 45 League T32"]
[Site "Internet Chess Club"]
[Date "2007.01.28"]
[Round "2"]
[White "LennyH"]
[Black "geolovic"]
[Result "1/2-1/2"]
[WhiteElo "1900"]
[BlackElo "1708"]
[ECO "C80"]
[TimeControl "2700+45"]

1. e4 e5 2. Nf3 Nc6 3. Bb5 a6 4. Ba4 Nf6 5. O-O Nxe4 6. d4 b5 7. Bb3 d5 8. dxe5
Be6 9. Nbd2 Nc5 10. c3 Nxb3 11. Nxb3 Be7 12. Nfd4 Nxd4 13. cxd4 O-O 14. f4 Qc8
15. Be3 Qd7 16. Rc1 Rac8 17. Qc2 Bf5 18. Qd2 f6 19. Nc5 Bxc5 20. Rxc5 fxe5 21.
fxe5 c6 22. Rcc1 Be4 23. Rf4 Rxf4 24. Bxf4 Qg4 25. Bg3 h5 26. Qf4 Qxf4 27. Bxf4
Kf7 28. h4 a5 29. Bd2 a4 30. a3 Ke6 31. Bb4 Bd3 32. Rc3 Bc4 33. Rf3 Be2 34. Rf2
Bg4 35. Bf8 Rc7 36. Bd6 Rf7 37. Rc2 Kd7 38. Rf2 Ke6 39. Rc2 {Game drawn by
mutual agreement} 1/2-1/2

[Event "Team 45 45 League T32"]
[Site "Internet Chess Club"]
[Date "2007.01.25"]
[Round "2"]
[White "fantanaranja"]
[Black "Wheels"]
[Result "1-0"]
[WhiteElo "1782"]
[BlackElo "1705"]
[ECO "E93"]
[TimeControl "2700+45"]

1. d4 Nf6 2. Nf3 g6 3. c4 Bg7 4. Nc3 d6 5. e4 O-O 6. Be2 e5 7. d5 Nbd7 8. O-O
Nc5 9. Qc2 h6 10. b4 Ncd7 11. Be3 b6 12. Rad1 Re8 13. h3 Kh7 14. Ne1 Ba6 15. Na4
Rb8 16. a3 Re7 17. Rd2 Re8 18. Nf3 Ng8 19. Nc3 Ne7 20. Ra1 g5 21. Qa4 Qc8 22. h4
g4 23. Ne1 h5 24. b5 Bb7 25. Nc2 f5 26. exf5 Nxf5 27. Bd3 Rf8 28. Ne2 e4 29.
Bxe4 Bxa1 30. Nxa1 Kh8 31. Bxf5 Rxf5 32. Bd4+ Kg8 33. Ng3 Rf7 34. Nxh5 Rh7 35.
Qc2 Qe8 36. Nf6+ Nxf6 37. Bxf6 Qf7 38. Bg5 Re8 39. Re2 Rxe2 40. Qxe2 Bc8 41. Nc2
Kf8 42. Nd4 Bd7 43. a4 Qe8 44. Kf1 Qxe2+ 45. Kxe2 Kf7 46. f3 gxf3+ 47. Kxf3 Kg6
48. Bd8 Bf5 49. g4 Bd3 50. h5+ Kf7 51. Bxc7 Bxc4 52. Bxd6 Bxd5+ 53. Kf4 Rh6 54.
Bb8 Rf6+ 55. Ke5 Bf3 56. g5 {Black resigns} 1-0

[Event "Team 45 45 League T32"]
[Site "Internet Chess Club"]
[Date "2007.01.26"]
[Round "2"]
[White "Sean"]
[Black "egd01"]
[Result "1/2-1/2"]
[WhiteElo "1608"]
[BlackElo "1549"]
[ECO "A04"]
[TimeControl "2700+45"]

1. Nf3 g6 2. c4 Bg7 3. g3 Nf6 4. Bg2 O-O 5. Nc3 c5 6. O-O d6 7. d3 Nc6 8. Rb1
Rb8 9. a3 a5 10. Bd2 Bd7 11. Na2 Qc8 12. Re1 b5 13. cxb5 Rxb5 14. b4 axb4 15.
axb4 cxb4 16. Nxb4 Nxb4 17. Rxb4 Qa6 18. Rxb5 Qxb5 19. Be3 Nd5 20. Bd2 Rb8 21.
Qc2 Rc8 22. Qa2 Be6 23. Rb1 Qc5 24. Qa5 Qxa5 25. Bxa5 Nc3 26. Bxc3 Rxc3 27. d4
Bc4 28. e3 Bd3 29. Re1 Be4 30. Nd2 Bc6 31. Bxc6 Rxc6 32. Rb1 d5 33. Kg2 e6 34.
Rb7 Rc1 35. Nb3 Rb1 36. Nc5 Rxb7 37. Nxb7 Kf8 38. Kf3 Ke7 39. Ke2 Kd7 40. Nc5+
Kc6 41. Kd3 Bf8 42. Na4 Bb4 43. Nc3 Kd7 44. h3 Ke7 45. g4 Bxc3 46. Kxc3 Kf6 47.
f4 h5 48. Kd3 Kg7 49. g5 f6 50. e4 Kf7 51. e5 fxe5 52. fxe5 Ke7 53. Kc3 Kd7 54.
Kb4 Kc6 55. Ka5 Kb7 56. Kb4 Kc6 {Game drawn by mutual agreement} 1/2-1/2

[Event "Team 45 45 League T32"]
[Site "Internet Chess Club"]
[Date "2007.01.26"]
[Round "2"]
[White "Ozgur-Bjk"]
[Black "SkinnyPuppy"]
[Result "1/2-1/2"]
[WhiteElo "2125"]
[BlackElo "2174"]
[ECO "D31"]
[TimeControl "2700+45"]

1. d4 d5 2. c4 e6 3. Nc3 c6 4. cxd5 exd5 5. Nf3 Nf6 6. Bg5 h6 7. Bh4 Qb6 8. Bxf6
Qxb2 9. Qc1 Qxc1+ 10. Rxc1 gxf6 11. Nxd5 cxd5 12. Rxc8+ Kd7 13. Rc2 Bb4+ 14. Kd1
Nc6 15. e3 Rhc8 16. Bb5 a6 17. Bd3 Ne7 18. Ke2 Rxc2+ 19. Bxc2 Rc8 20. Bd3 b5 21.
Rb1 Ba3 22. Nh4 Ke6 23. g4 Rc6 24. Nf5 Nxf5 25. Bxf5+ Kd6 26. Kf3 b4 27. Kg3 Ke7
28. Kf4 a5 29. Kg3 Rc3 30. Kh4 Kf8 31. Kg3 a4 32. Kf3 b3 33. axb3 axb3 34. Ke2
Bc1 35. Ra1 Rc6 36. Ra8+ Kg7 37. Rb8 b2 38. Rb5 Rd6 39. Bb1 Rd8 40. Ba2 h5 41.
gxh5 Kh6 42. Kd1 f5 43. Kc2 f4 44. exf4 Bxf4 45. Kxb2 Bxh2 46. Rxd5 Rxd5 47.
Bxd5 Kxh5 48. Bxf7+ Kg5 49. Kc3 Kf6 50. Bg8 Bg1 51. f3 Ke7 52. Kd3 Bh2 53. Ke4
Bd6 54. Kf5 Ba3 55. f4 Bd6 56. Kg5 Bb4 57. Kf5 Bd6 58. Ke4 Bc7 59. Bc4 Bd6 60.
Kf5 Bb4 61. Bb3 Ba5 62. Bc4 Bb6 63. Ke5 Bc7+ 64. Ke4 Bb6 {Game drawn by mutual
agreement} 1/2-1/2

[Event "Team 45 45 League T32"]
[Site "Internet Chess Club"]
[Date "2007.01.26"]
[Round "2"]
[White "PvsNP"]
[Black "DeLaSalle"]
[Result "1/2-1/2"]
[WhiteElo "1760"]
[BlackElo "1972"]
[ECO "B00"]
[TimeControl "2700+45"]

1. e4 b6 2. d4 Bb7 3. Nc3 e6 4. Nf3 Bb4 5. Bd3 Nf6 6. Qe2 d5 7. exd5 Qxd5 8. O-O
Bxc3 9. bxc3 O-O 10. Bc4 Qh5 11. Ne5 Qxe2 12. Bxe2 Nbd7 13. f4 Rac8 14. Ba3 Rfe8
15. Bb5 c6 16. Bd3 c5 17. Bb5 Red8 18. Rad1 a6 19. Nxd7 Nxd7 20. Bxd7 Rxd7 21.
dxc5 Rcd8 22. Rxd7 Rxd7 23. cxb6 Rd2 24. Rf2 Rd1+ 25. Rf1 Rd2 26. Rf2 Rd1+ 27.
Rf1 Rd2 28. Rf2 {Game drawn by repetition} 1/2-1/2

[Event "Team 45 45 League T32"]
[Site "Internet Chess Club"]
[Date "2007.01.28"]
[Round "2"]
[White "SneakyRed"]
[Black "Chief-Justice"]
[Result "0-1"]
[WhiteElo "1902"]
[BlackElo "1879"]
[ECO "B06"]
[TimeControl "2700+45"]

1. e4 g6 2. d4 c6 3. c3 d5 4. e5 Bg7 5. Bf4 Qb6 6. Qb3 Bf5 7. Be2 h5 8. Nf3 Qc7
9. Nh4 Be6 10. Qc2 Nh6 11. Nxg6 Bf5 12. Bd3 fxg6 13. Bxh6 Bxd3 14. Qxd3 Rxh6 15.
Nd2 e6 16. Nf3 Qf7 17. Qc2 Qf5 18. Qb3 Qe4+ 19. Kd2 Rh7 20. Kd1 Bh6 21. h4 Rf7
22. Qc2 Qxc2+ 23. Kxc2 Nd7 24. Raf1 Ke7 25. Ng5 Bxg5 26. hxg5 Raf8 27. f3 Rf5
28. Rh3 Rxg5 29. g3 Rgf5 30. f4 c5 31. Kd3 cxd4 32. cxd4 Nb6 33. b3 R8f7 34. Rc1
Kf8 35. Rh2 Kg7 36. Ke3 Kh6 37. Rch1 Nd7 38. Kd3 Nb8 39. Kc3 Nc6 40. Kd3 a5 41.
Kc3 Rc7 42. Kd3 Nb4+ 43. Ke3 Rc3+ 44. Kf2 Rc2+ 45. Kf3 Rxh2 46. Rxh2 Rf7 47. a3
Nc6 48. Ke3 Ne7 49. g4 Rf8 50. Kd3 Rxf4 51. gxh5 gxh5 52. Ke3 Rg4 {White
resigns} 0-1

[Event "Team 45 45 League T32"]
[Site "Internet Chess Club"]
[Date "2007.01.27"]
[Round "2"]
[White "crispin"]
[Black "siddhu"]
[Result "0-1"]
[WhiteElo "1759"]
[BlackElo "1803"]
[ECO "C65"]
[TimeControl "2700+45"]

1. e4 e5 2. Nf3 Nc6 3. Bb5 Nf6 4. Qe2 Bc5 5. Bxc6 bxc6 6. Nxe5 Qe7 7. f4 d6 8.
Nxc6 Qxe4 9. Qxe4+ Nxe4 10. Nc3 Nxc3 11. dxc3 Bb7 12. Nd4 Bxg2 13. Rg1 Bxd4 14.
cxd4 Be4 15. Rxg7 Bxc2 16. Bd2 Bg6 17. d5 Ke7 18. Bc3 Rhg8 19. Rxg8 Rxg8 20. Bd4
a6 21. Rc1 Kd7 22. Rc6 Ra8 23. Rc3 Be4 24. Rh3 Rg8 25. Rh5 Rg2 26. a3 Bg6 27.
Rh3 Rc2 28. Bc3 Kc8 29. Rh4 Kb7 30. Bd4 Rc4 31. Be3 Kc8 32. Kd1 Kd7 33. Rg4 Bh5
34. h3 f5 {White resigns} 0-1

[Event "Team 45 45 League T32"]
[Site "Internet Chess Club"]
[Date "2007.01.29"]
[Round "2"]
[White "BaroneRosso"]
[Black "fledermaus"]
[Result "0-1"]
[WhiteElo "2022"]
[BlackElo "1995"]
[ECO "D35"]
[TimeControl "2700+45"]

1. d4 Nf6 2. c4 e6 3. Nc3 d5 4. cxd5 exd5 5. Bg5 Be7 6. e3 c6 7. Bd3 Nbd7 8.
Nge2 O-O 9. O-O Nh5 10. Bxe7 Qxe7 11. Qc2 g6 12. a3 Ndf6 13. b4 Ng7 14. Nf4 Bf5
15. Bxf5 Nxf5 16. Rae1 Nd6 17. f3 Rfe8 18. Nd3 a5 19. Ne5 axb4 20. axb4 Nd7 21.
Nxd7 Qxd7 22. Na4 Nc4 23. Nc5 Qd6 24. e4 b6 25. e5 Qe7 26. Ne4 Na3 27. Nf6+ Qxf6
28. exf6 Nxc2 29. Re7 Rxe7 30. fxe7 Re8 31. Rc1 Nxd4 32. Re1 f6 33. Kf2 Kf7
{White resigns} 0-1

[Event "Team 45 45 League T32"]
[Site "Internet Chess Club"]
[Date "2007.01.26"]
[Round "2"]
[White "ddlj81"]
[Black "MikeMM"]
[Result "1-0"]
[WhiteElo "1967"]
[BlackElo "1885"]
[ECO "B39"]
[TimeControl "2700+45"]

1. e4 c5 2. Nf3 g6 3. d4 cxd4 4. Nxd4 Nc6 5. Be3 Bg7 6. c4 Nf6 7. Nc3 Ng4 8.
Qxg4 Nxd4 9. Qd1 e5 10. Bd3 d6 11. O-O O-O 12. Nd5 f5 13. Bxd4 exd4 14. exf5
Bxf5 15. Bxf5 Rxf5 16. Qb3 Qd7 17. Rae1 Re5 18. f4 Rxe1 19. Rxe1 Re8 20. Rxe8+
Qxe8 21. Kf2 b6 22. c5 Kh8 23. cxb6 axb6 24. Qxb6 d3 25. Qe3 Qb5 26. Nc3 Qxb2+
27. Kg3 h6 28. Ne4 d5 29. Nd2 d4 30. Qxd3 Qc3 31. Qxc3 dxc3 32. Nb3 c2 33. f5 g5
34. h4 Be5+ 35. Kg4 Bf4 36. hxg5 hxg5 37. a4 c1=Q 38. Nxc1 Bxc1 39. a5 Kg7 40.
Kf3 Ba3 41. g4 Kf6 42. Ke4 Bc5 43. Kd5 Ba7 44. Kc6 Ke5 45. Kb7 Bd4 46. a6 Kf4
47. a7 Kxg4 48. a8=Q Kxf5 49. Qa5+ Kf4 50. Kc6 g4 51. Kd5 Be3 52. Qb4+ Kg3 53.
Ke4 Bf2 54. Qc3+ Kh2 55. Qe5+ Kg2 56. Qg5 g3 57. Kf4 Be1 58. Qd5+ Kg1 59. Qd1
Kf1 60. Kf3 g2 61. Qe2+ Kg1 62. Qxg2# {Black checkmated} 1-0

[Event "Team 45 45 League T32"]
[Site "Internet Chess Club"]
[Date "2007.01.27"]
[Round "2"]
[White "camembert"]
[Black "StrayLite"]
[Result "1-0"]
[WhiteElo "1971"]
[BlackElo "1924"]
[ECO "E45"]
[TimeControl "2700+45"]

1. d4 Nf6 2. c4 e6 3. Nc3 Bb4 4. e3 b6 5. Ne2 Ba6 6. a3 Bxc3+ 7. Nxc3 d5 8. b3
O-O 9. Bd3 dxc4 10. bxc4 Nc6 11. Qc2 Na5 12. Ne4 h6 13. Nxf6+ Qxf6 14. Bb2 Qe7
15. Qc3 f6 16. O-O Rfd8 17. e4 c5 18. d5 exd5 19. exd5 Qd7 20. a4 Re8 21. f4 Re3
22. Bh7+ Kxh7 23. Qxe3 Bxc4 24. Rfd1 Bb3 25. Rd2 Re8 26. Qd3+ Kh8 27. Re2 Rxe2
28. Qxe2 Qxd5 29. Re1 Bxa4 30. Qe7 Bc6 31. Re2 Kg8 32. Qxa7 Nc4 33. Qa1 Ne3 34.
Qa7 Nxg2 35. Qxb6 Nxf4 36. Qb8+ Kf7 37. Qxf4 {Black resigns} 1-0

Players,

Forfiet is awarded to BeetleJuice.  Vaighav was a no-show at game time.

Don
Zyme in ICC
Oak division TD

[Event "Team 45 45 League T32"]
[Site "Internet Chess Club"]
[Date "2007.01.27"]
[Round "2"]
[White "zatopek1"]
[Black "rgadoury"]
[Result "1-0"]
[WhiteElo "1256"]
[BlackElo "1347"]
[ECO "C01"]
[TimeControl "2700+45"]

1. e4 e6 2. d4 d5 3. exd5 exd5 4. Nf3 Nf6 5. Bd3 Be7 6. O-O O-O 7. Bg5 Be6 8.
Nbd2 Nbd7 9. Ne5 Nxe5 10. dxe5 Nd7 11. Bxe7 Qxe7 12. Nf3 h6 13. c3 a5 14. Re1
Rfd8 15. Nd4 Nc5 16. Bc2 c6 17. Qf3 Nd7 18. Nxe6 fxe6 19. Qd3 Nf8 20. Re3 Kf7
21. Qd4 Ke8 22. Qg4 Qg5 23. Qxg5 hxg5 24. Rg3 Rd7 25. Rxg5 Kd8 26. Rd1 b5 27. a3
Raa7 28. a4 Rf7 29. axb5 cxb5 30. Kf1 Kc7 31. Bd3 Kb6 32. b3 Nd7 33. c4 Nc5 34.
Bc2 bxc4 35. bxc4 Rad7 36. Rg4 dxc4 37. Rb1+ Kc6 38. Rxc4 Kd5 39. Rc3 Ne4 40.
Bxe4+ Kxe4 41. Re3+ Kd5 42. Rb5+ Kc6 43. Rxa5 Rd5 44. Ra6+ Kd7 45. Ra7+ Ke8 46.
Rxf7 Kxf7 47. f4 Kg6 48. Kf2 Kf5 49. g3 g5 50. fxg5 Kxg5 51. Kf3 Kf5 52. h4 Rxe5
53. Rxe5+ Kxe5 54. g4 Kf6 55. Ke4 e5 56. g5+ Kg6 57. Kxe5 Kh5 58. Kf6 {Black
resigns} 1-0

[Event "Team 45 45 League T32"]
[Site "Internet Chess Club"]
[Date "2007.01.29"]
[Round "2"]
[White "JimGaming"]
[Black "Rubacchus"]
[Result "1-0"]
[WhiteElo "1329"]
[BlackElo "1381"]
[ECO "B12"]
[TimeControl "2700+45"]

1. e4 c6 2. d4 d5 3. e5 Bf5 4. Nc3 e6 5. g4 Bg6 6. Nge2 f5 7. Nf4 Qe7 8. h4 Nd7
9. g5 c5 10. Nb5 Nb6 11. Nxe6 Rc8 12. Nd6+ Kd7 13. Nxc5+ Rxc5 14. dxc5 Qxe5+ 15.
Be3 Bxd6 16. Qd4 Nc4 17. Bxc4 Qxd4 18. Bxd4 dxc4 19. cxd6 Kxd6 20. Bxg7 Kc5 21.
c3 Ne7 22. Bxh8 Nd5 23. Bd4+ Kd6 24. Bxa7 Nf4 25. Bb8+ Kc6 26. Bxf4 {Black
resigns} 1-0

[Event "Team 45 45 League T32"]
[Site "Internet Chess Club"]
[Date "2007.01.27"]
[Round "2"]
[White "AtomicDog"]
[Black "Hastings"]
[Result "0-1"]
[WhiteElo "1400"]
[BlackElo "1392"]
[ECO "A31"]
[TimeControl "2700+45"]

1. d4 Nf6 2. c4 c5 3. Nf3 g6 4. Nc3 Bg7 5. Bf4 cxd4 6. Nxd4 O-O 7. e3 a6 8. Bd3
d6 9. Bg3 Nbd7 10. O-O Nc5 11. Qc2 Nxd3 12. Qxd3 Bd7 13. f3 Rc8 14. b3 Qc7 15.
e4 b5 16. Rac1 bxc4 17. bxc4 Qxc4 18. Qd2 Nxe4 19. fxe4 Qxd4+ 20. Qxd4 Bxd4+ 21.
Kh1 Rxc3 22. Rxc3 Bxc3 23. Bh4 e6 24. Be7 Rb8 25. Bxd6 Rb2 26. Rd1 Rd2 27. Rxd2
Bxd2 28. g4 Bc6 {White resigns} 0-1

[Event "Team 45 45 League T32"]
[Site "Internet Chess Club"]
[Date "2007.01.27"]
[Round "2"]
[White "Cataclysm"]
[Black "Orforded"]
[Result "1/2-1/2"]
[WhiteElo "1212"]
[BlackElo "1327"]
[ECO "C60"]
[TimeControl "2700+45"]

1. e4 e5 2. Nf3 Nc6 3. Bb5 f6 4. c3 d5 5. exd5 Qxd5 6. Bxc6+ Qxc6 7. O-O Bf5 8.
Re1 O-O-O 9. d4 Nh6 10. Nxe5 fxe5 11. Bg5 Rd7 12. Bxh6 gxh6 13. Rxe5 Bg6 14. Nd2
Bg7 15. Rc5 Qf6 16. Qa4 a6 17. Re1 Re8 18. Rce5 Rxe5 19. dxe5 Qe6 20. Nf3 Be8
21. Nd4 Qd5 22. e6 Re7 23. Qd1 Bxd4 24. cxd4 Rxe6 25. Rxe6 Qxe6 26. d5 Qe5 27.
h3 Bf7 28. Qg4+ Kb8 29. Qf3 Bxd5 30. Qf8+ Ka7 31. Qxh6 Qe1+ 32. Kh2 Qxf2 33. Qg7
Qf4+ 34. Qg3 Qxg3+ 35. Kxg3 Bxa2 36. Kf4 c5 37. g4 b5 38. h4 c4 39. g5 a5 40. h5
b4 41. g6 hxg6 42. hxg6 c3 43. bxc3 bxc3 44. Ke3 c2 45. Kd2 Bb3 46. g7 Ka6 47.
g8=Q Bxg8 48. Kxc2 Kb5 49. Kb2 Kb4 50. Ka1 a4 51. Kb2 a3+ 52. Ka1 Kb3 53. Kb1
Bh7+ 54. Ka1 Bg8 55. Kb1 Kc3 56. Ka1 Bb3 57. Kb1 a2+ 58. Ka1 Kb4 59. Kb2 Ka4 60.
Ka1 Bc4 61. Kb2 Kb4 62. Ka1 Kc5 63. Kb2 Kd4 64. Ka1 Kd3 65. Kb2 Kd2 66. Ka1 Bb3
67. Kb2 Kd1 68. Ka1 Bc4 69. Kb2 Bb3 70. Ka1 Kd2 71. Kb2 a1=Q+ 72. Kxa1 {Game
drawn because neither player has mating material} 1/2-1/2

[Event "Team 45 45 League T32"]
[Site "Internet Chess Club"]
[Date "2007.01.25"]
[Round "2"]
[White "Tomate"]
[Black "Ghashgork"]
[Result "1-0"]
[WhiteElo "1411"]
[BlackElo "1422"]
[ECO "C62"]
[TimeControl "2700+45"]

1. e4 e5 2. Nf3 Nc6 3. Bb5 d6 4. Bxc6+ bxc6 5. O-O g6 6. d3 Bg7 7. Re1 Nf6 8. c3
O-O 9. d4 exd4 10. cxd4 Bg4 11. Nc3 Nd7 12. Be3 Nb6 13. h3 Bd7 14. Qd2 Nc4 15.
Qc1 Nxe3 16. Qxe3 Qb8 17. Rab1 Re8 18. Qd2 Qb6 19. a3 Re7 20. b4 Qa6 21. a4 Qc8
22. Qf4 a6 23. e5 d5 24. Nh2 Re8 25. Nd1 Rb8 26. Ne3 Bf8 27. Neg4 Bg7 28. Nh6+
Bxh6 29. Qxh6 c5 30. bxc5 Rf8 31. Nf3 f6 32. exf6 Rxf6 33. Ng5 Be6 34. Rxb8 Qxb8
35. Qxh7+ Kf8 36. Qh8+ {Black resigns} 1-0

[Event "Team 45 45 League T32"]
[Site "Internet Chess Club"]
[Date "2007.01.25"]
[Round "2"]
[White "SeniorCitizen"]
[Black "Visin"]
[Result "1-0"]
[WhiteElo "1300"]
[BlackElo "1285"]
[ECO "C41"]
[TimeControl "2700+45"]

1. e4 e5 2. Nf3 d6 3. Nc3 Nf6 4. d3 Nc6 5. Be2 Be7 6. O-O O-O 7. Be3 b6 8. d4
Bb7 9. d5 Nb8 10. Bd3 c6 11. dxc6 Nxc6 12. a3 Rc8 13. Nd2 Na5 14. f4 Nd7 15. f5
f6 16. Qg4 Kh8 17. Rf3 Nc5 18. Rh3 Nxd3 19. cxd3 Kg8 20. Qh5 Qe8 21. Qxh7+ Kf7
22. Bh6 Rg8 23. Qg6+ Kf8 24. Bxg7+ Rxg7 25. Rh8+ Rg8 26. Qxg8# {Black
checkmated} 1-0

[Event "Team 45 45 League T32"]
[Site "Internet Chess Club"]
[Date "2007.01.27"]
[Round "2"]
[White "ADIOKiddo4Ever"]
[Black "Tom45"]
[Result "1-0"]
[WhiteElo "1161"]
[BlackElo "1277"]
[ECO "C55"]
[TimeControl "2700+45"]

1. e4 e5 2. Nf3 Nc6 3. Bc4 Nf6 4. Nc3 Bc5 5. O-O O-O 6. Re1 d6 7. a3 a6 8. b4
Bd4 9. Rb1 Bxc3 10. dxc3 b5 11. Bb3 Bg4 12. Qd3 Bxf3 13. Qxf3 h6 14. Be3 Qd7 15.
Qg3 Nh5 16. Qh4 Nf6 17. h3 Rae8 18. Qg3 Nxe4 19. Qf3 Nxc3 20. Rbc1 d5 21. Bc5
Ne4 22. Bxf8 Kxf8 23. Rcd1 Ng5 24. Qxd5 Qxd5 25. Rxd5 Nd4 26. Ba2 Nxc2 27. Rexe5
Rxe5 28. Rxe5 Nd4 29. h4 Nge6 30. Bxe6 fxe6 31. Re4 Nf5 32. Rxe6 Nxh4 33. Rxa6
h5 34. Ra7 c6 35. Rc7 g5 36. Rxc6 Kg7 37. Rc5 Kg6 38. Rxb5 g4 39. a4 Nf5 40. a5
h4 41. a6 h3 42. gxh3 gxh3 43. Kh2 {Black resigns} 1-0

[Event "Team 45 45 League T32"]
[Site "Internet Chess Club"]
[Date "2007.01.28"]
[Round "2"]
[White "Mississippian"]
[Black "walleye"]
[Result "0-1"]
[WhiteElo "1396"]
[BlackElo "1437"]
[ECO "C24"]
[TimeControl "2700+45"]

1. e4 e5 2. Bc4 Nf6 3. d3 c6 4. Nf3 d5 5. exd5 cxd5 6. Bb5+ Bd7 7. Nc3 Bxb5 8.
Nxb5 Qa5+ 9. Qd2 Qxb5 10. Nxe5 Bd6 11. a4 Qb6 12. Qg5 Bxe5 13. Qxe5+ Qe6 14.
Qxe6+ fxe6 15. b4 O-O 16. h4 Nbd7 17. h5 h6 18. Bb2 Ng4 19. f3 Ne3 20. Kd2 Nf5
21. Rae1 Rae8 22. Rh3 e5 23. g4 Nd6 24. Rg1 Nf7 25. Rhg3 Ng5 26. Ke2 Rf4 27. Bc1
Rxb4 28. Bxg5 hxg5 29. h6 gxh6 30. Rh1 Kg7 31. Kd2 Rxa4 32. Rgh3 Rh8 33. Rb1 b6
34. Rb5 Nf6 35. Rh1 Re8 36. Kc3 d4+ 37. Kb3 Ra5 38. Rb4 Rc8 39. Rc1 Rc3+ 40. Kb2
Rca3 41. Rb1 Ra2+ 42. Kc1 Ra1 43. Rc4 Rxb1+ 44. Kxb1 Rc5 45. Ra4 a5 46. Kb2 Nd7
47. Kb3 Rc3+ 48. Kb2 Nc5 49. Ra1 a4 50. Ra2 b5 51. Ra3 Rxa3 52. Kxa3 Na6 53. Ka2
Kf6 54. Ka3 Ke6 55. Ka2 Kd5 56. Ka3 Kc5 57. Kb2 Kb4 58. Ka2 Kc3 59. Kb1 a3
{White resigns} 0-1

[Event "Team 45 45 League T32"]
[Site "Internet Chess Club"]
[Date "2007.01.27"]
[Round "2"]
[White "carolinaknight"]
[Black "wekabird"]
[Result "0-1"]
[WhiteElo "1198"]
[BlackElo "1277"]
[ECO "B10"]
[TimeControl "2700+45"]

1. e4 c6 2. Nf3 d5 3. Nc3 dxe4 4. Nxe4 Bf5 5. Bd3 Bxe4 6. Bxe4 Nf6 7. Bd3 Nbd7
8. O-O e6 9. a4 Be7 10. Bc4 Nb6 11. Bb3 O-O 12. d4 Qc7 13. Be3 Nbd5 14. Qd3 Rad8
15. Bg5 Nh5 16. c4 Nb4 17. Qe4 Bxg5 18. Nxg5 Nf6 19. Qh4 h6 20. Nf3 Na6 21. a5
Qe7 22. Ne5 c5 23. d5 exd5 24. Rfe1 Rfe8 25. Qg3 Qd6 26. Re3 Ne4 27. Qf4 Rxe5
28. Rd1 Qe7 29. cxd5 g5 30. Qg4 Nf6 31. Qh3 Rxe3 32. fxe3 Qe4 33. Rf1 Rd6 34.
Qg3 Qe7 35. Rf5 Ne4 36. Qg4 Nd2 37. Bc2 Qxe3+ 38. Rf2 Qe1+ {White resigns} 0-1

[Event "Team 45 45 League T32"]
[Site "Internet Chess Club"]
[Date "2007.01.28"]
[Round "2"]
[White "Russ"]
[Black "WzeroMN"]
[Result "1/2-1/2"]
[WhiteElo "1174"]
[BlackElo "1199"]
[ECO "E11"]
[TimeControl "2700+45"]

1. d4 Nf6 2. c4 e6 3. Nf3 Bb4+ 4. Bd2 Qe7 5. a3 Bxd2+ 6. Nbxd2 c5 7. e3 d5 8.
dxc5 dxc4 9. Bxc4 Qxc5 10. b4 Qd6 11. Qc2 O-O 12. O-O a6 13. Rfd1 Qc7 14. Rac1
b5 15. Bd3 Qxc2 16. Rxc2 Bb7 17. Rc7 Bxf3 18. Nxf3 Nbd7 19. Be2 Rfc8 20. Rdc1
Nb6 21. Ne5 Rxc7 22. Rxc7 Rc8 23. Rxc8+ Nxc8 {Game drawn by mutual agreement}
1/2-1/2

[Event "Team 45 45 League T32"]
[Site "Internet Chess Club"]
[Date "2007.01.27"]
[Round "2"]
[White "Frankly"]
[Black "OnFire"]
[Result "1/2-1/2"]
[WhiteElo "1649"]
[BlackElo "1658"]
[ECO "D51"]
[TimeControl "2700+45"]

1. d4 d5 2. c4 e6 3. Nc3 Nf6 4. Bg5 Nbd7 5. e3 h6 6. Bh4 c6 7. Nf3 Be7 8. Rc1
O-O 9. Qc2 Re8 10. cxd5 exd5 11. Bd3 Ng4 12. Bxe7 Qxe7 13. O-O Nf8 14. Rfe1 Nf6
15. e4 dxe4 16. Nxe4 Bg4 17. Ne5 Bh5 18. Nxf6+ Qxf6 19. Re3 Ng6 20. Rce1 Nxe5
21. dxe5 Qe6 22. Rh3 Bg6 23. Bxg6 Qxg6 24. Qxg6 fxg6 25. Rd3 Kf7 26. f4 Rad8 27.
Rde3 Ke6 28. R3e2 Rd4 29. Rf1 Red8 30. Rff2 Rd1+ 31. Rf1 R1d2 32. Rff2 Rd1+ 33.
Rf1 R8d2 34. Rxd1 Rxd1+ 35. Kf2 Rd4 36. Ke3 Kd5 37. Rd2 Rxd2 38. Kxd2 g5 39. Ke3
c5 40. g3 b5 41. b3 a5 42. Kd3 gxf4 43. gxf4 g5 44. Ke3 c4 45. fxg5 hxg5 46.
bxc4+ bxc4 47. e6 Kxe6 48. Kd4 c3 49. Kxc3 Kd5 50. a4 Kc5 51. h3 Kd5 52. Kd3 Kc5
53. Kc3 Kd5 54. Kd3 Kc5 55. Kc3 {Game drawn by repetition} 1/2-1/2

[Event "Team 45 45 League T32"]
[Site "Internet Chess Club"]
[Date "2007.01.28"]
[Round "2"]
[White "rabanito"]
[Black "grandpa06"]
[Result "1-0"]
[WhiteElo "1741"]
[BlackElo "1478"]
[ECO "B01"]
[TimeControl "2700+45"]

1. e4 d5 2. exd5 Nf6 3. d4 Nxd5 4. Nf3 Bg4 5. Be2 e6 6. O-O Nc6 7. c4 Nb6 8. Nc3
Qe7 9. Bf4 a6 10. c5 Nd5 11. Nxd5 exd5 12. Re1 O-O-O 13. Bxa6 Bxf3 14. Bxb7+
Kxb7 15. Qb3+ Kc8 16. Rxe7 Bxe7 17. Qxf3 Nxd4 18. Qh3+ Ne6 19. c6 Rde8 20. Qb3
Bf6 21. Qb7+ Kd8 22. Bd6 {Black resigns} 1-0

[Event "Team 45 45 League T32"]
[Site "Internet Chess Club"]
[Date "2007.01.25"]
[Round "2"]
[White "oldsj"]
[Black "gessie7"]
[Result "1-0"]
[WhiteElo "1412"]
[BlackElo "1339"]
[ECO "C72"]
[TimeControl "2700+45"]

1. e4 e5 2. Nf3 Nc6 3. Bb5 a6 4. Ba4 d6 5. O-O Bd7 6. c3 Nf6 7. Re1 Be7 8. d4
exd4 9. cxd4 b5 10. Bb3 Bg4 11. d5 Ne5 12. Nbd2 Nd3 13. Re3 Ne5 14. Qe1 Nfd7 15.
Nd4 Bg5 16. Rc3 Nc5 17. Nf1 Ncd3 18. Bxg5 Qxg5 19. Qe3 Qxe3 20. Nxe3 Nc5 21.
Nxg4 Nxg4 22. Bd1 Ne5 23. b4 Nxe4 24. Re3 Nf6 25. f4 Nxd5 26. Re4 Nc3 27. Re1
Nxd1 28. Raxd1 O-O-O 29. fxe5 dxe5 30. Nc6 Rxd1 31. Rxd1 Re8 32. Kf2 f5 33. Rd5
e4 34. Rxf5 Kd7 35. Nd4 Re7 36. Rd5+ Ke8 37. Nc6 Rf7+ 38. Ke2 Rf6 39. Nd4 Kf7
40. Re5 Rh6 41. h3 Rg6 42. Kf2 e3+ 43. Rxe3 Rd6 44. Re4 g6 45. Ke3 Kg7 46. Re7+
Kf6 47. Rxc7 Ke5 48. Re7+ Kd5 49. Rxh7 Kc4 50. Rh4 Kc3 51. Rf4 Kb2 52. Rf2+ Ka3
53. Rd2 Rf6 54. Rf2 Rd6 55. g3 Kxb4 56. Nc2+ Kc3 57. h4 Rd3+ 58. Ke4 Rxg3 59.
Nd4 Rg4+ 60. Rf4 Rxf4+ 61. Kxf4 Kxd4 62. Kg5 Kc3 63. Kxg6 b4 64. h5 Kb2 65. h6
Kxa2 66. h7 b3 67. h8=Q b2 68. Qg8+ Ka3 69. Qf8+ Ka2 70. Qf7+ Ka3 71. Qe7+ Ka2
72. Qe6+ Ka3 73. Qd6+ Ka2 74. Qxa6+ Kb3 75. Qb5+ Kc2 76. Qc4+ Kb1 77. Kg5 Ka1
78. Qa4+ Kb1 79. Kf4 Kc1 80. Qc4+ Kd2 81. Qb3 Kc1 82. Qc3+ Kb1 83. Ke3 Ka1 84.
Kd2 Kb1 85. Qb4 Ka2 86. Kc2 {Black resigns} 1-0

[Event "Team 45 45 League T32"]
[Site "Internet Chess Club"]
[Date "2007.01.29"]
[Round "2"]
[White "b-spot"]
[Black "viking99"]
[Result "0-1"]
[WhiteElo "1651"]
[BlackElo "1819"]
[ECO "D85"]
[TimeControl "2700+45"]

1. d4 Nf6 2. c4 g6 3. Nc3 d5 4. cxd5 Nxd5 5. e4 Nxc3 6. bxc3 Bg7 7. Nf3 c5 8.
Rb1 Nc6 9. d5 Bxc3+ 10. Bd2 Bxd2+ 11. Qxd2 Nb8 12. Bc4 Nd7 13. O-O Nb6 14. Qc3
O-O 15. Be2 Nd7 16. Qe3 Kg7 17. h4 b6 18. h5 h6 19. hxg6 fxg6 20. Nh4 Nf6 21.
Qc3 Kh7 22. Qd3 e5 23. Qg3 Qe8 24. Bb5 Bd7 25. Bxd7 Nxd7 26. Nf3 g5 27. Nd2 Qf7
28. Nc4 Qf4 29. Qxf4 Rxf4 30. f3 Rf6 31. a4 Kg6 32. Rf2 h5 33. Rfb2 g4 34. Kf2
h4 35. Rh1 Kg5 36. Ke3 Raf8 37. Rf2 g3 38. Rff1 a6 39. Rb1 Rh6 40. Rb2 Rb8 41.
Nxe5 Nxe5 42. f4+ Kg4 43. fxe5 h3 44. e6 hxg2 45. Rg1 Rf6 46. Rbxg2 Rf3+ 47. Ke2
Kf4 48. Rf1 Rxf1 49. Kxf1 Kxe4 50. Rd2 Ke5 51. Kg2 Kd6 52. Rd3 b5 53. axb5 axb5
54. Kxg3 c4 55. Rc3 Kxd5 56. Kf4 b4 {White resigns} 0-1

[Event "Team 45 45 League T32"]
[Site "Internet Chess Club"]
[Date "2007.01.28"]
[Round "2"]
[White "OOB1"]
[Black "tammany"]
[Result "0-1"]
[WhiteElo "1477"]
[BlackElo "1488"]
[ECO "B50"]
[TimeControl "2700+45"]

1. e4 c5 2. Nf3 d6 3. Nc3 Nf6 4. h3 a6 5. d4 cxd4 6. Nxd4 b5 7. a3 Bb7 8. Bd3
Nbd7 9. f3 e6 10. Be3 d5 11. exd5 Nxd5 12. Nxd5 Bxd5 13. Qd2 Bc5 14. b4 Bd6 15.
Bf2 Ne5 16. Be2 Nc4 17. Qc1 Qc7 18. Nb3 Bf4 19. Qb1 Ne3 20. Nc5 Nxg2+ 21. Kf1
Ne3+ 22. Ke1 Qe5 23. Nd3 Qc3# {White checkmated} 0-1